 Dungeon Crawl Stone Soup version 0.31-a0-1074-g0b22e4e0f1 (webtiles) character file.

Game seed: 1010042759325774635

129 bmb222 the Cutter (level 4, -1/30 (34) HPs)
             Began as a Demonspawn Gladiator on Dec 4, 2023.
             Slain by a hell rat (3 damage)
             ... in a sewer.
             The game lasted 00:03:05 (1875 turns).

bmb222 the Cutter (Demonspawn Gladiator)            Turns: 1875, Time: 00:03:06

HP:   -1/30 (34)    AC:  3    Str: 15    XL:     4   Next: 88%
MP:   4/4           EV: 18    Int:  9    God:
Gold: 152           SH:  0    Dex: 16    Spells: 3/3 levels left

rFire   . . .        a - +0 rapier
rCold   . . .        (no shield)
rNeg    . . .        b - +0 leather armour
rPois   .            (helmet restricted)
rElec   .            (no cloak)
rCorr   .            (no gloves)
SInv    .            (no boots)
Will    .....        (no amulet)
Stlth   +            (no ring)
HPRegen 0.25/turn    (no ring)
MPRegen 0.09/turn

%: no passive effects
@: agile, heavily drained, very slow
A: horns 1, powered by pain 1
a: no special abilities


You were in a sewer.
You visited 1 branch of the dungeon, and saw 3 of its levels.
You also visited: Sewer.

You collected 152 gold pieces.

Inventory:

Hand Weapons
 a - a +0 rapier (weapon)
Missiles
 d - 2 throwing nets
 e - a javelin
 i - 2 atropa-tipped darts (quivered)
Armour
 b - a +0 leather armour (worn)
 c - a +0 helmet
 m - a +0 scale mail
Jewellery
 h - an amulet of the acrobat
Scrolls
 f - a scroll of identify {unknown}
 j - a scroll of noise {unknown}
 o - a scroll of fog {unknown}
 p - a scroll of teleportation {unknown}
 r - a scroll of amnesia {unknown}
Potions
 g - 2 potions of lignification {unknown}
 k - 2 potions of brilliance {unknown}
 l - a potion of enlightenment {unknown}
 n - a potion of cancellation {unknown}
 q - a potion of mutation {unknown}


   Skills:
 + Level 2.4 Fighting
 + Level 3.9 Short Blades
 + Level 1.8 Throwing
 + Level 1.7 Armour
 + Level 3.2 Dodging
 * Level 0.7 Stealth


You had 3 spell levels left.
You didn't know any spells.
Your spell library was empty.

Dungeon Overview and Level Annotations

Branches:
Dungeon (3/15)              Sewer (1/1)

Altars:


Innate Abilities, Weirdness & Mutations

You have a pair of small horns on your head.
You sometimes gain a little power by taking damage.


Message History

You hit the hell rat. Your headbutt misses the hell rat.
The hell rat is severely wounded.
The hell rat barely misses you. The hell rat bites you.
You feel drained.
You are too injured to fight recklessly!
You are too injured to fight recklessly!
You are too injured to fight recklessly!
You are too injured to fight recklessly!
You are too injured to fight recklessly!
You are too injured to fight recklessly!
You are too injured to fight recklessly!
You are too injured to fight recklessly!
You are too injured to fight recklessly!
You are too injured to fight recklessly!
You are too injured to fight recklessly!
You are too injured to fight recklessly!
You are too injured to fight recklessly!
You are too injured to fight recklessly!
You are too injured to fight recklessly!
You are too injured to fight recklessly!
You are too injured to fight recklessly!
You are too injured to fight recklessly!
You are too injured to fight recklessly!
You are too injured to fight recklessly!
You are too injured to fight recklessly!
You are too injured to fight recklessly!
You are too injured to fight recklessly!
You are too injured to fight recklessly!
Your unstable footing causes you to fumble your attack.
The hell rat bites you but does no damage.
You closely miss the hell rat. You headbutt the hell rat.
The hell rat is almost dead.
The hell rat splashes around in the water.
You hit the hell rat but do no damage.
The hell rat is almost dead.
The hell rat bites you!
* * * LOW HITPOINT WARNING * * *
You focus on the pain.
You feel agile all of a sudden.
You feel drained.
You die...

#########
###†.~∩~~~###
###.~†.~∩~~~..###
#..~.~#####.~~..#
##~.~###?∩!###~~~##
#.~~##~$!$?!~##..~#
#~~†#~~~~~~.~.#~~~#
#~~~##~~~r~~.##...#
##.~.###~@~###.~.##
#....~##'##..~~~#
###~~~~.....~~###
###.~~..~.###
#########


You could see a hell rat.

Vanquished Creatures
  Jessica (D:2)
  3 adders
  3 river rats (Sewer)
  2 worms (D:3)
  A dart slug (D:1)
  5 ball pythons
  3 endoplasms (D:1)
  5 goblins
  2 kobolds
  3 quokkas
  6 bats
  10 frilled lizards
  5 rats
49 creatures vanquished.

Notes
Turn   | Place    | Note
-------+----------+-------------------------------------------
     0 | D:1      | bmb222 the Demonspawn Gladiator began the quest for the
                  | Orb.
     0 | D:1      | Reached XP level 1. HP: 16/16 MP: 1/1
   144 | D:1      | Gained mutation: You sometimes gain a little power by
                  | taking damage. [demonic ancestry]
   144 | D:1      | Reached XP level 2. HP: 22/22 MP: 2/2
   681 | D:2      | Noticed Jessica
   695 | D:2      | Killed Jessica
   696 | D:2      | Reached XP level 3. HP: 13/27 MP: 3/3
  1330 | D:2      | Gained mutation: You have a pair of small horns on your
                  | head. [demonic ancestry]
  1330 | D:2      | Reached XP level 4. HP: 18/34 MP: 4/4
  1570 | D:3      | Reached skill level 1 in Armour
  1628 | D:3      | Found a glowing drain.
  1758 | Sewer    | Entered a sewer
  1875 | Sewer    | Slain by a hell rat

Illustrated notes

Levels and vault maps discovered:
D:1:      eino_arrival_druids_welcome, layout_basic
D:2:      layout_basic, kennysheep_decorative_pillar, minmay_lizard_king,
          uniq_jessica
D:3:      layout_loops_ring, serial_forest, infiniplex_forest_clump_medium,
          infiniplex_forest_clump_curved, infiniplex_forest_lined_3,
          infiniplex_forest_end_double, infiniplex_forest_lined_2,
          cheibrodos_sewer_entry_sluice, uniq_crazy_yiuf_cottage
Sewer:    sewer_hellmonk_bad_rat

Skill      XL: |  1  2  3  4 |
---------------+-------------+-----
Short Blades   | 3 |  3.9
Dodging        | 3 |  3.2
Armour         | 1 |  1.7
Fighting       | |  2.4
Throwing       | |  1.8
Stealth        | |  0.7

Action                     |  1- 3 |  4- 6 || total
---------------------------+-------+-------++-------
  Melee: Rapier            |   106 |    80 ||   186
         Punch             |     2 |       ||     2
         Headbutt          |       |    10 ||    10
  Throw: Dart              |     2 |       ||     2
         Throwing net      |     1 |       ||     1
   Stab: Sleeping          |     1 |       ||     1
 Armour: Leather armour    |    64 |    31 ||    95
  Dodge: Dodged            |    88 |    45 ||   133

Table legend: (Time is in decaauts)
 A = Elapsed time spent in this place.
 B = Non-inter-level travel time spent in this place.
 C = Inter-level travel time spent in this place.
 D = Time resting spent in this place.
 E = Time spent auto-exploring this place.
 F = Levels seen in this place.
 G = Mean time per level.
                   A        B        C        D        E       F      G
               +--------+--------+--------+--------+--------+-----+--------+
         Total |   1890 |   1838 |     52 |     86 |   1386 |   4 |  472.5 |
       Dungeon |   1763 |   1711 |     52 |     86 |   1331 |   3 |  587.7 |
         Sewer |    127 |    127 |      0 |      0 |     55 |   1 |  127.0 |
               +--------+--------+--------+--------+--------+-----+--------+

Top non-repeatable levels by time:
     D:2: 911 daAuts
     D:1: 648 daAuts
     D:3: 203 daAuts
   Sewer: 127 daAuts
